 Dungeon Crawl Stone Soup version 0.21-a0-274-gc1afaeb (webtiles) character file.

551996 Lavandula the Impaler (level 25, -1/224 HPs)
             Began as a Ghoul Warper on Sept 17, 2017.
             Was the Champion of Cheibriados.
             Slain by a monstrous blood saint (4 damage)
             ... in Pandemonium on Sept 18, 2017.
             The game lasted 05:38:05 (33374 turns).

Lavandula the Impaler (Ghoul Warper)               Turns: 33374, Time: 05:38:05

Health: -1/224     AC: 21    Str: 34    XL:     25   Next: 70%
Magic:  7/38       EV: 27    Int: 24    God:    Cheibriados [******]
Gold:   2183       SH:  0    Dex: 29    Spells: 2/49 levels left

rFire    + + .     SeeInvis +   r - +7 glaive (vamp)
rCold    + + .     Gourm    .   (shield currently unavailable)
rNeg     + + +     Faith    .   z - +4 ring mail "Bikusch" {rF++}
rPois    ∞         Spirit   .   q - +0 hat "Veubb" {Int-4 Slay+6 SInv}
rElec    .         Reflect  .   v - +2 cloak {+Inv}
rCorr    .         Harm     +   U - +2 pair of gloves {Dex+3}
MR       ++...     Rnd*Tele +   c - +2 pair of boots
Stlth    +++++.....             Y - amulet of harm
HPRegen  0.00/turn              M - ring of Ephemeral Luck {*Tele rC+ Slay+5}
MPRegen  0.26/turn              G - ring of protection from magic

@: very slightly contaminated, rotting, deflect missiles, very slow
A: rotting body, claws 1, carnivore 3, cold resistance 1, negative energy
resistance 3, inhibited regeneration, torment resistance, unbreathing
}: 4/15 runes: decaying, slimy, silver, gossamer
a: Bend Time, Temporal Distortion, Slouch, Step From Time, Renounce Religion,
Evoke Invisibility


You were in Pandemonium.
You worshipped Cheibriados.
Cheibriados was exalted by your worship.
You were not hungry.

You visited 11 branches of the dungeon, and saw 49 of its levels.
You visited Pandemonium 1 time, and saw 5 of its levels.
You visited the Abyss 1 time.
You also visited: Labyrinth, Trove, Ice Cave and Wizlab.

You collected 5948 gold pieces.
You spent 3765 gold pieces at shops.

Inventory:

Hand Weapons
 g - a +7 glaive of chopping
 r - a +7 vampiric glaive (weapon)
 H - a +1 demon trident of venom
Missiles
 y - 8 javelins of penetration (quivered)
 L - 6 throwing nets
Armour
 b - the +1 helmet of Sif Muna's Esteem {rF+ rN+ Regen+ Dex+4}
   (You found it on level 5 of the Vaults)

   It affects your dexterity (+4).
   It protects you from fire.
   It protects you from negative energy.
   It increases your rate of regeneration.
 c - a +2 pair of boots (worn)
 q - the +0 hat "Veubb" (worn) {Int-4 Slay+6 SInv}
   (You found it on level 5 of the Pits of Slime)

   It affects your intelligence (-4).
   It affects your accuracy and damage with ranged weapons and melee attacks
   (+6).
   It lets you see invisible.
 v - a +2 cloak of invisibility (worn)
 z - the +4 ring mail "Bikusch" (worn) {rF++}
   (You found it on level 6 of the Dungeon)

   It greatly protects you from fire.
 U - a +2 pair of gloves of dexterity (worn)
 X - the +4 ring mail "Jiuptuent" {rC++ Str-2 SInv}
   (You bought it in a shop on level 2 of the Orcish Mines)

   It affects your strength (-2).
   It greatly protects you from cold.
   It lets you see invisible.
Magical Staves
 T - an uncursed staff of wizardry
Jewellery
 d - the ring "Ynubues" {Dex+2 SInv}
   (You found it on level 3 of the Crypt)

   [ring of see invisible]

   It affects your dexterity (+2).
   It lets you see invisible.
 i - the ring of Folamoit {rF- rC++ Str+2 Int+3 Dex+3}
   (You found it on level 5 of the Pits of Slime)

   [ring of dexterity]

   It affects your strength (+2).
   It affects your intelligence (+3).
   It affects your dexterity (+3).
   It makes you vulnerable to fire.
   It greatly protects you from cold.
 o - the ring "Qoaser" {rElec rN+ Dex+4}
   (You bought it in a shop on level 14 of the Dungeon)

   [ring of positive energy]

   It affects your dexterity (+4).
   It insulates you from electricity.
   It protects you from negative energy.
 G - a ring of protection from magic (right hand)
 M - the ring of Ephemeral Luck (left hand) {*Tele rC+ Slay+5}
   (You took it off a wizard on level 3 of the Depths)

   [ring of teleportation]

   It may teleport you next to monsters.
   It affects your accuracy and damage with ranged weapons and melee attacks
   (+5).
   It protects you from cold.
 W - an uncursed ring of resist corrosion
 Y - an amulet of harm (around neck)
Wands
 a - a wand of digging (11/24)
 A - a wand of paralysis (24/24)
 I - a wand of enslavement (4/24)
Scrolls
 h - 7 scrolls of fog
 l - a scroll of fear
 t - 5 scrolls of remove curse
 F - a scroll of torment
 N - 7 scrolls of amnesia
 Q - 2 scrolls of immolation
 S - 2 scrolls of identify
 V - 6 scrolls of teleportation
 Z - 2 scrolls of recharging
Potions
 j - 2 potions of resistance
 n - 2 potions of might
 p - 8 potions of flight
 w - a potion of agility
 x - 5 potions of magic
 C - 2 potions of heal wounds
 E - 3 potions of brilliance
 J - 8 potions of curing
Books
 e - a Grand Grimoire

   Spells                             Type                      Level
   a - Monstrous Menagerie            Summoning                    7
   b - Summon Greater Demon           Summoning                    7
   c - Malign Gateway                 Summoning/Translocation      7
   d - Summon Horrible Things         Summoning                    8
 K - a book of Battle

   Spells                             Type                      Level
   a - Infusion                       Charms                       1
   b - Shroud of Golubria             Charms/Translocation         2
   c - Song of Slaying                Charms                       2
   d - Spectral Weapon                Hexes/Charms                 3
   e - Regeneration                   Charms/Necromancy            3
Miscellaneous
 s - a phantom mirror
 u - a lamp of fire
 D - a lightning rod (4/4)
 O - a fan of gales (inert)
 P - a phial of floods
 R - 2 sacks of spiders
Comestibles
 f - 19 meat rations
 m - 11 royal jellies
 B - 2 chunks of flesh


   Skills:
 - Level 18.2 Fighting
 - Level 20.0 Polearms
 - Level 0.8 Throwing
 - Level 8.9 Armour
 - Level 14.3 Dodging
 - Level 9.9 Stealth
 - Level 4.6 Unarmed Combat
 + Level 12.8 Spellcasting
 - Level 4.2 Conjurations
 - Level 8.2 Charms
 - Level 14.2 Summonings
 - Level 4.2 Necromancy
 - Level 11.9 Translocations
 - Level 5.6 Air Magic
 - Level 1.8 Poison Magic
 - Level 8.0 Invocations
 - Level 6.8 Evocations


You had 2 spell levels left.
You knew the following spells:

 Your Spells              Type           Power        Failure   Level  Hunger
a - Blink                 Tloc           N/A          1%          2    None
b - Shroud of Golubria    Chrm/Tloc      ######....   1%          2    None
c - Passage of Golubria   Tloc           N/A          1%          4    None
d - Mephitic Cloud        Conj/Pois/Air  ####....     3%          3    None
e - Control Undead        Necr           #####.....   9%          4    None
f - Animate Skeleton      Necr           N/A          1%          1    None
g - Apportation           Tloc           ######       1%          1    None
h - Summon Lightning Spi  Summ/Air       ######..     1%          4    None
i - Lesser Beckoning      Tloc           ######....   1%          3    None
j - Shadow Creatures      Summ           N/A          2%          6    #####..
k - Summon Butterflies    Summ           ######..     0%          1    None
l - Deflect Missiles      Chrm/Air       #####.....   41%         6    #####..
m - Malign Gateway        Summ/Tloc      ######....   19%         7    ######.
n - Spectral Weapon       Hex/Chrm       #####...     2%          3    None


Dungeon Overview and Level Annotations

Branches:
Dungeon (15/15)            Temple (1/1) D:4            Lair (6/6) D:10
  Swamp (4/4) Lair:2       Spider (4/4) Lair:2        Slime (5/5) Lair:5
    Orc (2/2) D:12            Elf (0/3) Orc:2        Vaults (5/5) D:14
  Crypt (3/3) Vaults:3       Tomb (1/3) Crypt:3      Depths (3/5) D:15

Altars:
Ashenzari
Cheibriados
Dithmenos
Fedhas
Gozag
Hepliaklqana
Kikubaaqudgha
Nemelex Xobeh
Okawaru
Qazlal
Ru
Sif Muna
Uskayaw
Xom
Yredelemnul
Zin
The Shining One
Jiyva

Shops:
D:6 (   D:8 =   D:14 ?(*   Orc:1 =   Orc:2 ?![::   Vaults:1 %

Portals:
Hell: Depths:3
Pandemonium: Depths:3

Annotations:
D:4 dricus's ghost, novice OpTm
Swamp:4 Lernaean hydra
Spider:3 way!
Crypt:1 nubinia's ghost, adept SpVM


Innate Abilities, Weirdness & Mutations

Your body is rotting away.
You thrive on raw meat.
You are immune to poison.
You have sharp fingernails.
You are carnivorous and can eat meat at any time.
Your flesh is cold resistant. (rC+)
You are immune to negative energy. (rN+++)
You do not regenerate when monsters are visible.
You are immune to unholy pain and torment.
You can survive without breathing.


Message History

* * * LOW HITPOINT WARNING * * *
Unknown command.
Casting: Animate Skeleton
Confirm with . or Enter, or press ? or * to list all spells.
You blink.
The monstrous demonspawn barely misses you.
The monstrous demonspawn claws you.
* * * LOW HITPOINT WARNING * * *
The monstrous demonspawn gores you!
* * * LOW HITPOINT WARNING * * *
The orange demon stings you but does no damage.
The neqoxec misses you. The monstrous demonspawn hits you!!
* * * LOW HITPOINT WARNING * * *
The monstrous demonspawn misses you.
The monstrous demonspawn closely misses you.
The monstrous blood saint completely misses you.
The monstrous blood saint claws you!
* * * LOW HITPOINT WARNING * * *
The monstrous blood saint gores you.
You die...

#.. .#...# #..
###.....# #..
........# #..
.........## #.. #...
#....## #..
#..###Z...## #..
##...##...## #..
..#3@6§§#.).)# #..
......6.2§)§#....#
#..
...##.4.#.§.##.w..##
#.. .
#..#.#..#.<..)..##(.
.#.....#..)*...)....
..##...##...[[#......
.. .### #...#.......
... %. #..#..##... ..
#.#.. #...


You could see a monstrous demonspawn, a cacodemon, a monstrous blood saint, an
orange demon, a neqoxec and a friendly black sun skeleton.

Vanquished Creatures
  the Royal Jelly (Slime:5)
  An ancient lich (Depths:3)
  A juggernaut (Depths:3)
  Saint Roka (Depths:3)
  2 caustic shrikes (Depths:3)
  Nikola (Swamp:4)
  A golden dragon (Vaults:4)
  Jory (Crypt:3)
  A Brimstone Fiend (Pan)
  3 tentacled monstrosities
  A Tzitzimitl (Pan)
  3 liches
  A hellephant (Pan)
  The ghost of loom the Eclecticist, an adept DrFE of Vehumet (Spider:4)
  Asterion (Spider:3)
  4 titans
  A pandemonium lord (Pan)
  3 Executioners
  11 acid blobs
  6 sphinxes
  Kirke (D:14)
  3 thorn hunters
  4 storm dragons
  A warmonger (Pan)
  A shadow dragon (Vaults:5)
  A revenant (Crypt:2)
  6 tengu reavers
  6 fire giants
  5 azure jellies
  A blood saint (Pan)
  Donald (Crypt:2)
  3 cacodemons
  3 frost giants
  Louise (Swamp:4)
  A curse skull (Crypt:1)
  4 ghost moths
  5 deep elf sorcerers
  An orc warlord (Vaults:4)
  8 ghouls
  3 deep elf elementalists
  A draconian scorcher (Abyss:3)
  9 vault wardens
  4 emperor scorpions
  3 balrugs
  5 very ugly things
  A reaper (Pan)
  2 war gargoyles
  10 ironheart preservers
  A corrupter (Pan)
  12 stone giants
  6 entropy weavers
  2 deep elf demonologists (Depths:3)
  11 vampire knights
  2 black suns (Pan)
  10 purple draconians (WizLab)
  4 eidola
  A spark wasp (Spider:3)
  A crystal guardian (Vaults:2)
  5 statues (WizLab)
  A blizzard demon (Pan)
  10 ettins
  A green death (Abyss:3)
  10 fire dragons
  Snorg (D:12)
  3 deep elf death magi
  10 jiangshi
  5 death oozes
  20 ogre magi
  A minotaur (Lab)
  6 deep elf high priests
  2 rakshasas
  10 great orbs of eyes
  5 monstrous demonspawn (Pan)
  A spriggan air mage (Depths:3)
  11 yaktaur captains
  Harold (D:10)
  34 vault guards
  18 hydras
  5 ice dragons
  4 ghost crabs
  An anaconda (Orc:1)
  53 two-headed ogres
  Erica (D:12)
  A death yak (Lair:2)
  3 death knights
  A tengu warrior (D:14)
  3 alligators
  6 centaur warriors
  A deep troll shaman (Vaults:2)
  4 orc high priests
  5 deep troll earth magi
  5 vampire magi
  A thrashing horror (Abyss:3)
  A titan zombie (Crypt:3)
  A deep elf knight (Vaults:4)
  A wretched star (Abyss:3)
  2 shadow wraiths
  6 sun demons (Pan)
  13 spriggans
  A spark wasp zombie (Depths:3)
  2 sixfirhies
  2 hell knights
  23 skeletal warriors
  A shadow demon (Pan)
  An anaconda zombie (Crypt:3)
  A quicksilver dragon simulacrum (Crypt:1)
  A spriggan druid (Swamp:4)
  A glowing orange brain (shapeshifter) (Depths:3)
  An infernal demonspawn (Pan)
  21 deep trolls
  8 swamp dragons
  4 glowing orange brains
  5 flayed ghosts
  2 torturous demonspawn (Pan)
  20 phantasmal warriors
  2 harpies (shapeshifter)
  3 wizards
  3 shadow dragon zombies
  2 harpies (Vaults:2)
  9 orc knights
  2 anaconda skeletons
  9 ironbrand convokers
  A mana viper (shapeshifter) (Vaults:5)
  Pikel (D:7)
  12 orb spiders
  5 cyclopes
  3 orc sorcerers
  34 wolf spiders
  An oklob plant (Lair:6)
  A frost giant zombie (Crypt:3)
  25 ugly things
  5 shining eyes
  5 necromancers
  A fire giant zombie (Crypt:3)
  A manticore (shapeshifter) (Vaults:2)
  2 stone giant zombies (Crypt:1)
  19 deep elf magi
  A mana viper (Abyss:3)
  A manticore (D:15)
  An iron dragon skeleton (Crypt:1)
  A salamander (shapeshifter) (D:15)
  2 moths of wrath
  An eye of devastation (shapeshifter) (Vaults:5)
  4 smoke demons
  2 ice statues (IceCv)
  A dire elephant zombie (Crypt:1)
  A frost giant skeleton (Crypt:1)
  A stone giant skeleton (Crypt:2)
  An eye of devastation (Slime:2)
  5 black mambas
  10 vault sentinels
  14 elephants
  A spiny frog (shapeshifter) (Depths:3)
  3 gargoyles
  12 spiny frogs
  A rime drake (Lair:5)
  2 torpor snails
  8 orange demons
  10 freezing wraiths
  2 efreet
  6 kobold demonologists
  A tormentor (Pan)
  15 demonic crawlers
  16 yaktaurs
  2 hellions
  A catoblepas skeleton (Crypt:1)
  An ancient zyme (Abyss:3)
  5 komodo dragons
  5 hellwings (Pan)
  2 guardian mummies
  6 red devils (Pan)
  A tengu conjurer (D:14)
  22 jumping spiders
  A harpy zombie (Crypt:3)
  A queen bee (shapeshifter) (Depths:3)
  4 trolls
  An ice dragon zombie (Crypt:1)
  23 hornets
  16 polar bears
  85 slime creatures
  3 bog bodies
  4 tyrant leeches
  7 dream sheep
  An alligator zombie (Crypt:3)
  A raiju (shapeshifter) (Depths:3)
  A blink frog (shapeshifter) (D:13)
  5 large abominations
  5 raiju (Abyss:3)
  2 fire dragon zombies (Crypt:3)
  14 blink frogs
  8 hippogriffs
  A fire dragon skeleton (Crypt:1)
  4 flying skulls (Crypt:3)
  An ettin zombie (Crypt:3)
  A redback (shapeshifter) (Depths:3)
  An ettin skeleton (Crypt:1)
  A dire elephant simulacrum (Crypt:1)
  4 shadows
  71 redbacks
  An alligator skeleton (Crypt:3)
  A tarantella (shapeshifter) (Vaults:5)
  2 ynoxinuls
  20 tarantellas
  A black mamba skeleton (Crypt:1)
  17 wraiths
  46 yaks
  A basilisk (shapeshifter) (Depths:3)
  5 hogs (D:14)
  A yak (shapeshifter) (Vaults:5)
  A hog (shapeshifter) (Vaults:5)
  2 hungry ghosts
  4 chaos spawn
  8 vampire mosquitoes
  3 basilisks
  A neqoxec (Abyss:3)
  5 wargs
  14 swamp worms
  4 small abominations
  4 insubstantial wisps (Swamp:1)
  6 water moccasins
  9 porcupines
  5 ice beasts
  A water nymph skeleton (Crypt:3)
  A floating eye (Slime:2)
  26 orc warriors
  A black bear (shapeshifter) (Vaults:3)
  4 sky beasts
  3 phantoms
  2 elephant zombies (Lair:4)
  A black mamba simulacrum (Abyss:3)
  A slave (D:7)
  2 black bears
  A snapping turtle zombie (Crypt:3)
  A swamp dragon zombie (Crypt:3)
  A manticore zombie (Crypt:3)
  9 swamp drakes
  6 eyes of draining
  5 necrophages
  47 ogres
  A boggart (shapeshifter) (Depths:3)
  9 boggarts
  3 centaurs
  22 wolves
  7 crocodiles
  A gnoll sergeant (Orc:1)
  5 big kobolds
  An elf zombie (Crypt:3)
  12 bullfrogs
  A water moccasin skeleton (D:6)
  7 scorpions
  A queen bee zombie (Crypt:1)
  A spriggan zombie (Crypt:3)
  4 troll skeletons (Lab)
  15 wights
  2 howler monkeys
  4 electric eels
  2 bullfrog zombies
  A centaur zombie (D:9)
  6 crimson imps
  A quasit (D:9)
  5 hounds
  A human simulacrum (Vaults:3)
  A basilisk zombie (Lair:4)
  21 orc priests
  An iron imp (Abyss:3)
  6 jellies
  A bullfrog skeleton (Crypt:1)
  4 centaur skeletons
  11 orc wizards
  4 iguanas
  7 worker ants
  A crocodile zombie (Lair:4)
  A hound skeleton (D:10)
  A howler monkey zombie (Crypt:2)
  12 mummies (Crypt:3)
  7 gnolls
  10 adders
  5 shadow imps
  A white imp (Abyss:3)
  An ufetubus (Abyss:3)
  3 oozes
  An adder skeleton (D:4)
  3 worms
  A dart slug (D:3)
  4 leopard geckos
  61 orcs
  5 bats
  A giant cockroach (Lair:2)
  3 goblins
  2 hobgoblins (D:3)
  4 jackals
  20 kobolds
  3 quokkas
  2 ball pythons
  A frilled lizard (D:3)
  A giant cockroach zombie (Crypt:2)
  A quokka zombie (D:6)
  3 rats
  A spectral weapon (Pan)
1736 creatures vanquished.

Vanquished Creatures (collateral kills)
  A golden dragon (Vaults:4)
  A caustic shrike (Depths:3)
  2 tentacled monstrosities
  A deep elf master archer (Depths:3)
  An acid blob (Slime:5)
  3 sphinxes
  A shadow dragon (Vaults:5)
  A frost giant (Vaults:2)
  2 ghouls (Crypt:3)
  3 ironheart preservers
  A reaper (Pan)
  A very ugly thing (Depths:3)
  10 vampire knights (Crypt:3)
  2 stone giants
  A deep elf annihilator (Vaults:5)
  A deep elf death mage (Crypt:3)
  A jiangshi (Crypt:3)
  An eidolon (Crypt:3)
  5 great orbs of eyes
  An ogre mage (D:14)
  Josephine (Lair:5)
  A rakshasa (Vaults:2)
  2 vault guards
  A monstrous demonspawn (Pan)
  3 hydras
  3 two-headed ogres
  A deep troll shaman (Vaults:2)
  A soul eater (Pan)
  5 skeletal warriors
  A small abomination (Crypt:3)
  A wizard (Vaults:2)
  A shadow dragon zombie (Crypt:3)
  An anaconda zombie (Crypt:3)
  2 deep trolls (Vaults:2)
  A shambling mangrove (Swamp:4)
  2 ironbrand convokers
  3 phantasmal warriors
  3 necromancers (Crypt:1)
  An orc knight (Vaults:4)
  2 orb spiders (Spider:4)
  A wolf spider (Spider:4)
  A deep elf mage (WizLab)
  A stone giant zombie (Crypt:1)
  A fire giant zombie (Crypt:3)
  A large abomination (Pan)
  A moth of wrath (Spider:4)
  A centaur skeleton (D:15)
  3 vault sentinels
  A hellion (Pan)
  3 yaktaurs (Vaults:3)
  A demonic crawler (Pan)
  A jumping spider (Spider:3)
  2 red devils (Pan)
  A tyrant leech (Swamp:4)
  A polar bear (Lair:6)
  2 bog bodies
  A polar bear (shapeshifter) (Vaults:3)
  2 hornets
  A blink frog (Lair:6)
  2 slime creatures (Vaults:2)
  A flying skull (Crypt:3)
  A dream sheep (Lair:6)
  A fire dragon skeleton (Crypt:1)
  A tarantella (Spider:4)
  2 spriggans (Lair:6)
  2 redbacks
  A ynoxinul (Pan)
  A wraith (Lair:5)
  A swamp worm (Swamp:3)
  A swamp drake (Swamp:4)
  5 orc warriors
  2 necrophages (Crypt:3)
  7 ogres
  A wolf (Lair:6)
  A boggart (shapeshifter) (Vaults:5)
  2 boggarts
  A snapping turtle skeleton (Crypt:1)
  A crocodile (shapeshifter) (Vaults:2)
  A water moccasin zombie (Crypt:3)
  A polar bear zombie (Crypt:3)
  A warg zombie (Crypt:1)
  An electric eel (Lair:6)
  An orc priest (Vaults:3)
  A tengu skeleton (Crypt:1)
  A dart slug (shapeshifter) (Vaults:5)
  2 orcs (Vaults:2)
  2 fungi (Lair:6)
  A plant (Lair:6)
148 creatures vanquished.

Vanquished Creatures (others)
  4 eldritch tentacles
  A vault guard (D:14)
  A spriggan druid (Swamp:3)
  A hornet (Swamp:3)
  2 spriggans
  A human (D:14)
  A swamp worm (Swamp:4)
  A swamp drake (Swamp:4)
  An ogre (Vaults:5)
  A hound (D:9)
  An orc (D:7)
  A quokka (D:9)
  3 fungi
  8 plants
  2 spectral weapons (Pan)
29 creatures vanquished.

Grand Total: 1913 creatures vanquished

Notes
Turn   | Place    | Note
-------+----------+-------------------------------------------
     0 | D:1      | Lavandula the Ghoul Warper began the quest for the Orb.
     0 | D:1      | Reached XP level 1. HP: 17/17 MP: 2/2
   169 | D:1      | Reached XP level 2. HP: 21/24 MP: 3/3
   231 | D:2      | Noticed a black bear
   423 | D:3      | Reached XP level 3. HP: 8/29 MP: 4/4
   520 | D:4      | Noticed a phantom
   549 | D:3      | Learned a level 2 spell: Blink
   552 | D:3      | Learned a level 2 spell: Shroud of Golubria
   825 | D:4      | Noticed dricus's ghost (novice OpTm)
   831 | D:3      | Reached XP level 4. HP: 13/36 MP: 2/5
  1275 | D:4      | Killed a phantom
  1275 | D:4      | Reached XP level 5. HP: 21/46 MP: 2/6
  1416 | D:5      | Entered Level 5 of the Dungeon
  1600 | D:5      | Reached skill level 1 in Polearms
  1815 | D:5      | Noticed an air elemental
  1818 | D:5      | Found a stormy altar of Qazlal.
  1909 | D:5      | Found a sparkling altar of Nemelex Xobeh.
  1927 | D:5      | Reached XP level 6. HP: 43/52 MP: 5/7
  2067 | D:6      | Reached skill level 2 in Polearms
  2084 | D:6      | Got a tiger eye-encrusted ring mail
  2095 | D:6      | Identified the +4 ring mail "Bikusch" {rF++} (You found it on level 6 of the Dungeon)
  2123 | D:6      | Noticed an orc warrior
  2181 | D:6      | Reached skill level 3 in Polearms
  2184 | D:6      | Killed an orc warrior
  2184 | D:6      | Reached skill level 4 in Polearms
  2186 | D:6      | Reached XP level 7. HP: 43/58 MP: 2/8
  2249 | D:6      | Found a blossoming altar of Fedhas.
  2354 | D:6      | Reached skill level 5 in Polearms
  2391 | D:6      | Reached skill level 6 in Polearms
  2405 | D:6      | Reached XP level 8. HP: 66/66 MP: 9/9
  2447 | D:6      | Found Qiwk's Weapon Emporium.
  2534 | D:6      | Learned a level 4 spell: Passage of Golubria
  2671 | D:7      | Found a sacrificial altar of Ru.
  2837 | D:7      | Reached skill level 7 in Polearms
  2897 | D:7      | Reached skill level 8 in Polearms
  2982 | D:7      | Noticed Pikel
  3010 | D:7      | Killed Pikel
  3010 | D:7      | Reached skill level 9 in Polearms
  3010 | D:7      | Reached XP level 9. HP: 63/71 MP: 6/10
  3391 | D:4      | Found a staircase to the Ecumenical Temple.
  3397 | Temple   | Entered the Ecumenical Temple
  3423 | Temple   | Became a worshipper of Cheibriados the Contemplative
  3815 | D:8      | Found an opulent altar of Gozag.
  3936 | D:8      | Reached skill level 10 in Polearms
  3939 | D:8      | Found Orockak's Jewellery Shop.
  3950 | D:8      | Bought an uncursed ring of protection from magic for 350 gold pieces
  4157 | D:9      | Reached * piety under Cheibriados
  4482 | D:9      | Noticed a two-headed ogre
  4498 | D:10     | Entered Level 10 of the Dungeon
  4620 | D:10     | Reached skill level 11 in Polearms
  4620 | D:10     | Reached XP level 10. HP: 74/78 MP: 8/11
  4627 | D:10     | Noticed Harold
  4661 | D:10     | Found a staircase to the Lair.
  4667 | D:10     | Reached ** piety under Cheibriados
  4689 | Lair:1   | Entered Level 1 of the Lair of Beasts
  4944 | D:10     | Killed Harold
  4944 | D:10     | Reached skill level 12 in Polearms
  4972 | D:10     | Learned a level 3 spell: Mephitic Cloud
  5286 | D:11     | Reached *** piety under Cheibriados
  5451 | D:11     | Reached skill level 13 in Polearms
  5646 | D:11     | Reached XP level 11. HP: 80/85 MP: 12/12
  5743 | D:12     | Noticed a seven-headed hydra
  5754 | D:12     | Noticed a green ugly thing
  5775 | D:12     | Killed a brown ugly thing
  5785 | D:12     | Noticed Snorg
  5832 | D:12     | Reached **** piety under Cheibriados
  5832 | D:12     | Reached skill level 5 in Fighting
  5862 | D:12     | Killed Snorg
  5910 | D:12     | Noticed a red ugly thing
  5923 | D:12     | Reached skill level 14 in Polearms
  5935 | D:12     | Killed a green ugly thing
  6032 | D:12     | Noticed a two-headed ogre
  6045 | D:12     | Killed a two-headed ogre
  6060 | D:12     | Noticed a cyclops
  6074 | D:12     | Killed a cyclops
  6123 | D:12     | Killed a seven-headed hydra
  6293 | D:12     | Reached XP level 12. HP: 58/94 MP: 6/13
  6357 | D:12     | Reached ***** piety under Cheibriados
  6366 | D:12     | Found a staircase to the Orcish Mines.
  6680 | D:13     | Noticed a centaur warrior
  6689 | D:13     | Killed a centaur warrior
  6727 | D:13     | Reached skill level 5 in Dodging
  6825 | D:13     | Reached skill level 1 in Armour
  6964 | D:13     | Noticed a centaur warrior
  6970 | D:13     | Killed a centaur warrior
  7312 | Orc:1    | Entered Level 1 of the Orcish Mines
  7312 | Orc:1    | Noticed Erica
  7320 | D:12     | Killed Erica
  7320 | D:12     | Reached skill level 5 in Translocations
  7551 | Orc:1    | Learned a level 3 spell: Conjure Flame
  7632 | Orc:1    | Reached skill level 1 in Conjurations
  7671 | Orc:1    | Noticed an ettin
  7675 | Orc:1    | Reached ****** piety under Cheibriados
  7680 | Orc:1    | Noticed an anaconda
  7680 | Orc:1    | an ettin changed into an anaconda
  7692 | Orc:1    | Killed an anaconda
  7717 | Orc:1    | Found Mebi's Jewellery Shop.
  7847 | Orc:2    | Entered Level 2 of the Orcish Mines
  7862 | Orc:2    | Noticed a two-headed ogre
  7873 | Orc:2    | Noticed a two-headed ogre
  7894 | Orc:1    | Killed a two-headed ogre
  7938 | Orc:1    | Killed a two-headed ogre
  7938 | Orc:1    | Reached XP level 13. HP: 100/100 MP: 3/16
  8021 | Orc:2    | Reached skill level 1 in Poison Magic
  8084 | Orc:2    | Noticed an ogre mage
  8089 | Orc:2    | Killed an ogre mage
  8106 | Orc:2    | Reached skill level 1 in Evocations
  8163 | Orc:1    | Reached skill level 15 in Polearms
  8322 | Orc:2    | Found a frozen archway.
  8328 | IceCv    | Entered an ice cave
  8449 | IceCv    | Reached XP level 14. HP: 81/113 MP: 4/17
  8482 | IceCv    | Reached skill level 16 in Polearms
  8581 | IceCv    | Noticed a frost giant
  8599 | IceCv    | Killed a frost giant
  8613 | IceCv    | Reached skill level 5 in Spellcasting
  8877 | Orc:2    | Found Diehi's Book Emporium.
  8882 | Orc:2    | Found a staircase to the Elven Halls.
  8950 | Orc:2    | Found Dotaepid's Antique Armour Shop.
  8950 | Orc:2    | Found Athiob's Book Shoppe.
  8951 | Orc:2    | Found Uzoar Xaxt's Magic Scroll Emporium.
  8951 | Orc:2    | Found Gaud Itz's Distillery.
  8996 | Orc:2    | Reached skill level 5 in Invocations
  9114 | Orc:2    | Bought a book of Cantrips for 360 gold pieces
  9116 | Orc:2    | Learned a level 1 spell: Apportation
  9118 | Orc:2    | Learned a level 1 spell: Animate Skeleton
  9156 | Orc:2    | Bought a pair of glowing gloves for 240 gold pieces
  9162 | Orc:2    | Bought a potion of resistance for 150 gold pieces
  9162 | Orc:2    | Bought a potion of agility for 60 gold pieces
  9163 | Orc:2    | Bought a scroll of blinking for 112 gold pieces
  9163 | Orc:2    | Bought a scroll of teleportation for 45 gold pieces
  9164 | Orc:2    | Bought a potion of heal wounds for 75 gold pieces
  9378 | Lair:2   | Learned a level 4 spell: Summon Lightning Spire
  9383 | Lair:2   | Found a staircase to the Swamp.
  9494 | Lair:2   | Reached skill level 1 in Summonings
  9517 | Lair:2   | Found a hole to the Spider Nest.
  9717 | Lair:3   | Found a labyrinth entrance.
  9726 | Lab      | Entered a labyrinth
 10366 | Swamp:1  | Entered Level 1 of the Swamp
 14107 | Swamp:3  | Reached skill level 17 in Polearms
 14182 | Swamp:3  | Noticed a thorn hunter
 14205 | Swamp:3  | Killed a thorn hunter
 14205 | Swamp:3  | Reached XP level 15. HP: 31/118 MP: 10/21
 14381 | Swamp:4  | Entered Level 4 of the Swamp
 14421 | Swamp:4  | Noticed Nikola
 14434 | Swamp:4  | Killed Nikola
 14533 | Swamp:4  | Reached skill level 5 in Summonings
 14584 | Swamp:4  | Noticed a thorn hunter
 14717 | Swamp:4  | Killed a thorn hunter
 14779 | Swamp:4  | Noticed Louise
 14851 | Swamp:4  | Killed Louise
 14935 | Swamp:4  | Noticed the 27-headed Lernaean hydra
 15043 | Swamp:3  | Noticed a thorn hunter
 15055 | Swamp:3  | Killed a thorn hunter
 15931 | Swamp:4  | Got a decaying rune of Zot
 16087 | Spider:1 | Entered Level 1 of the Spider Nest
 16309 | Spider:1 | Reached XP level 16. HP: 118/129 MP: 23/23
 16541 | Spider:1 | Learned a level 3 spell: Lesser Beckoning
 16690 | Spider:3 | Noticed Asterion
 16701 | Spider:3 | Killed Asterion
 16798 | Spider:3 | Reached skill level 18 in Polearms
 17089 | Spider:4 | Entered Level 4 of the Spider Nest
 17259 | Spider:2 | Reached skill level 10 in Fighting
 17333 | Spider:4 | Noticed loom's ghost (adept DrFE)
 17818 | Spider:4 | Killed loom's ghost
 18078 | Spider:4 | Reached XP level 17. HP: 88/140 MP: 0/24
 18604 | Spider:4 | Reached skill level 19 in Polearms
 18919 | Spider:4 | Got a gossamer rune of Zot
 19308 | Lair:6   | Entered Level 6 of the Lair of Beasts
 20134 | Lair:5   | Noticed Josephine
 20148 | Lair:5   | Killed Josephine
 20290 | Lair:5   | Found a runed door.
 20290 | Lair:5   | Found a viscous altar of Jiyva.
 20290 | Lair:5   | Found a staircase to the Slime Pits.
 20536 | Lair:4   | Got a crystal quarterstaff
 20752 | D:11     | Found a portal to a secret trove of treasure.
 20921 | D:14     | Found Woneudyo's Magic Scroll Shop.
 21014 | D:14     | Found Teemagi's Weapon Emporium.
 21029 | D:14     | Found Azijiry's Assorted Antiques.
 21038 | D:14     | Bought a murky red potion for 26 gold pieces
 21038 | D:14     | Bought a brightly glowing tin ring for 145 gold pieces
 21038 | D:14     | Bought a scroll labeled FUECHAFEURR for 29 gold pieces
 21042 | D:14     | Identified the ring "Qoaser" {rElec rN+ Dex+4} (You bought it in a shop on level 14 of the Dungeon)
 21071 | D:14     | Noticed Kirke
 21102 | D:14     | Killed Kirke
 21108 | D:14     | Reached XP level 18. HP: 120/154 MP: 17/27
 21147 | D:14     | Found a gate to the Vaults.
 21307 | D:14     | Found Siaqeisch's Weapon Boutique.
 21340 | D:14     | Reached skill level 20 in Polearms
 21430 | D:15     | Entered Level 15 of the Dungeon
 21440 | D:15     | Reached skill level 1 in Necromancy
 21571 | D:15     | Found a staircase to the Depths.
 21580 | Depths:1 | Entered Level 1 of the Depths
 21874 | Vaults:1 | Entered Level 1 of the Vaults
 21915 | Vaults:3 | Reached skill level 5 in Evocations
 22159 | Vaults:3 | Learned a level 6 spell: Shadow Creatures
 22552 | Vaults:3 | Reached skill level 1 in Stealth
 22593 | Vaults:3 | Reached skill level 5 in Stealth
 22836 | Vaults:3 | Cast into level 3 of the Abyss (vault warden)
 23266 | Abyss:3  | Reached XP level 19. HP: 114/161 MP: 26/28
 23323 | Abyss:3  | Reached skill level 5 in Armour
 23396 | Vaults:3 | Escaped the Abyss
 24102 | Vaults:2 | Got a transparent spear
 24103 | Vaults:2 | Identified the +4 spear of Fee Simple {chaos, rF+ MR+ Int+2} (You found it on level 2 of the Vaults)
 24506 | Vaults:1 | Found Lirghal's Food Shop.
 24866 | D:6      | Bought the +2 demon whip of Risk Management {elec, rC+ rN+++ MR- Dex+3} for 1269 gold pieces
 25026 | D:11     | You paid a toll of the demon whip of Risk Management to enter a treasure trove
 25027 | Trove    | Entered a treasure trove
 25042 | Trove    | Identified the Grimoire of Ashen Unholy Rituals
 25069 | Trove    | Got a brightly glowing tin amulet
 25071 | Trove    | Got a steaming jade amulet
 25089 | Trove    | Reached XP level 20. HP: 173/173 MP: 29/29
 25104 | D:11     | Identified the amulet "Xorgh" {Inacc -Tele rPois MR++} (You found it in a treasure trove)
 25107 | D:11     | Identified the amulet "Eliqeore" {+Fly MR+ Regen+ Dex+6 Slay-5} (You found it in a treasure trove)
 25323 | Vaults:4 | Reached skill level 15 in Fighting
 25560 | Vaults:4 | Reached XP level 21. HP: 189/189 MP: 24/30
 26197 | Vaults:5 | Entered Level 5 of the Vaults
 26437 | Vaults:4 | Reached skill level 10 in Dodging
 26454 | Vaults:5 | Noticed a golden dragon
 26505 | Vaults:5 | Noticed a golden dragon
 26531 | Vaults:4 | Killed a golden dragon
 26536 | Vaults:4 | Killed a golden dragon
 26866 | Vaults:5 | Reached XP level 22. HP: 188/202 MP: 22/31
 27098 | Vaults:5 | Got a faintly glowing plate armour
 27217 | Vaults:5 | Got a pair of shimmering gloves
 27228 | Vaults:5 | Identified the cursed -1 pair of gloves of the Turtle {rPois} (You found it on level 5 of the Vaults)
 27250 | Vaults:5 | Identified the +1 plate armour of Limited Liability {rF+} (You took it off a vault warden on level 5 of the Vaults)
 27384 | Vaults:5 | Learned a level 1 spell: Summon Butterflies
 27560 | Vaults:5 | Got a dazzling helmet
 27560 | Vaults:5 | Got a dazzling scale mail
 27577 | Vaults:5 | Identified the +1 helmet of Sif Muna's Esteem {rF+ rN+ Regen+ Dex+4} (You found it on level 5 of the Vaults)
 27591 | Vaults:5 | Identified the +0 scale mail "Wiwum" {rF- Int+5} (You found it on level 5 of the Vaults)
 27679 | Vaults:5 | Identified the Disquisition on the Mutagenic Birds
 27684 | Vaults:5 | Got a silver rune of Zot
 27846 | Vaults:4 | Learned a level 6 spell: Deflect Missiles
 27852 | Vaults:4 | Learned a level 4 spell: Control Undead
 27920 | Vaults:3 | Reached skill level 1 in Charms
 27975 | Vaults:3 | Found a staircase to the Crypt.
 27975 | Vaults:3 | Found a basalt altar of Yredelemnul.
 27977 | Vaults:3 | Found an ancient bone altar of Kikubaaqudgha.
 27984 | Crypt:1  | Entered Level 1 of the Crypt
 28258 | Crypt:1  | Found a magical portal.
 28263 | WizLab   | Entered Iskenderun's Mystic Tower
 28391 | WizLab   | Reached skill level 5 in Air Magic
 28576 | WizLab   | Reached skill level 5 in Charms
 28628 | WizLab   | Reached XP level 23. HP: 209/209 MP: 24/34
 28703 | WizLab   | Identified Iskenderun's Papyrus of Attacks
 28703 | WizLab   | Identified Iskenderun's Disquisition on Attacks
 28715 | WizLab   | Identified the Grimoire of Shifting Fire
 28771 | Crypt:1  | Noticed nubinia's ghost (adept SpVM)
 28854 | Crypt:2  | Noticed Donald
 28860 | Crypt:2  | Killed Donald
 29105 | Crypt:3  | Entered Level 3 of the Crypt
 29242 | Crypt:3  | Reached skill level 10 in Summonings
 29500 | Crypt:3  | Found an ancient bone altar of Kikubaaqudgha.
 29760 | Crypt:3  | Noticed Jory
 29789 | Crypt:3  | Killed Jory
 30010 | Crypt:3  | Got a coiled platinum ring
 30012 | Crypt:3  | Identified the ring "Ynubues" {Dex+2 SInv} (You found it on level 3 of the Crypt)
 30229 | Crypt:3  | Found a staircase to the Tomb.
 30241 | Tomb:1   | Entered Level 1 of the Tomb of the Ancients
 30244 | Crypt:3  | Upgraded the game from 0.21-a0-273-g0785366 to 0.21-a0-274-gc1afaeb
 30502 | D:14     | Bought a scroll of teleportation for 54 gold pieces
 30502 | D:14     | Bought a scroll of fear for 63 gold pieces
 30502 | D:14     | Bought a scroll of enchant weapon for 135 gold pieces
 30523 | D:14     | Bought a scroll of teleportation for 87 gold pieces
 30641 | Orc:2    | Bought a scroll of vulnerability for 112 gold pieces
 30642 | Orc:2    | Bought a potion of magic for 120 gold pieces
 30642 | Orc:2    | Bought a potion of curing for 45 gold pieces
 30643 | Orc:2    | Bought an encrusted ring mail for 288 gold pieces
 30655 | Orc:2    | Identified the +4 ring mail "Jiuptuent" {rC++ Str-2 SInv} (You bought it in a shop on level 2 of the Orcish Mines)
 30874 | Slime:1  | Entered Level 1 of the Pits of Slime
 31084 | Slime:3  | Reached skill level 10 in Spellcasting
 31099 | Slime:3  | Reached XP level 24. HP: 214/214 MP: 36/36
 31201 | Slime:5  | Entered Level 5 of the Pits of Slime
 31264 | Slime:5  | Learned a level 7 spell: Malign Gateway
 31273 | Slime:5  | Found a viscous altar of Jiyva.
 31274 | Slime:5  | Noticed the Royal Jelly
 31292 | Slime:5  | Killed the Royal Jelly
 31506 | Slime:5  | Identified the Compendium of the Hills
 31518 | Slime:5  | Got a slimy hat
 31529 | Slime:5  | Identified a +1 pair of boots of running (You found it on level 5 of the Pits of Slime)
 31550 | Slime:5  | Identified the +0 hat "Veubb" {Int-4 Slay+6 SInv} (You found it on level 5 of the Pits of Slime)
 31550 | Slime:5  | Got a flickering amber ring
 31552 | Slime:5  | Identified the ring of Folamoit {rF- rC++ Str+2 Int+3 Dex+3} (You found it on level 5 of the Pits of Slime)
 31612 | Slime:5  | Identified the +1 plate armour "Dithric" {rN+} (You found it on level 5 of the Pits of Slime)
 31619 | Slime:5  | Got a faintly glowing scale mail
 31630 | Slime:5  | Identified the +4 scale mail of the Cast Vote {rElec Str+2} (You found it on level 5 of the Pits of Slime)
 31660 | Slime:5  | Got a slimy rune of Zot
 31712 | Slime:5  | Got a steaming brass ring
 31714 | Slime:5  | Identified the ring "Ofipyar" {*Slow Int+4 Dex+6 SInv} (You found it on level 5 of the Pits of Slime)
 32114 | Depths:2 | Identified a scroll of acquirement
 32151 | Depths:3 | Noticed Saint Roka
 32168 | Depths:3 | Killed Saint Roka
 32175 | Depths:3 | Paralysed by a sphinx for 2 turns
 32202 | Depths:3 | Reached skill level 10 in Translocations
 32239 | Depths:3 | Found a gateway to Hell.
 32399 | Depths:3 | Noticed a caustic shrike
 32400 | Depths:3 | Killed a caustic shrike
 32405 | Depths:3 | Noticed a juggernaut
 32419 | Depths:3 | Killed a juggernaut
 32740 | Depths:3 | Noticed a caustic shrike
 32743 | Depths:3 | Killed a caustic shrike
 32743 | Depths:3 | Reached XP level 25. HP: 220/224 MP: 36/36
 32760 | Depths:3 | Noticed an ancient lich
 32771 | Depths:3 | Killed an ancient lich
 32783 | Depths:3 | Identified the ring of Ephemeral Luck {*Tele rC+ Slay+5} (You took it off a wizard on level 3 of the Depths)
 32827 | Depths:3 | Identified the Compendium of Necromancy and Talismans
 32885 | Depths:3 | Found a one-way gate leading to the halls of Pandemonium.
 32920 | Pan      | Entered Pandemonium
 32922 | Pan      | Found an exit through the horrors of the Abyss.
 33116 | Pan      | Found an exit through the horrors of the Abyss.
 33158 | Pan      | Learned a level 3 spell: Spectral Weapon
 33210 | Pan      | Found an exit through the horrors of the Abyss.
 33323 | Pan      | Noticed Aggashre the pandemonium lord
 33347 | Pan      | Killed Aggashre the pandemonium lord
 33374 | Pan      | HP: 3/224 [monstrous blood saint (9)]
 33374 | Pan      | Slain by a monstrous blood saint

Vault maps used:
D:1:      dpeg_arrival_rooms_b
D:2:      kennysheep_six_static_rooms, nicolae_overflow_crystal_walls,
          lemuel_doored_altar, first_bread
D:3:      kennysheep_generic_room_13
D:4:      minmay_temple_entry_enclosed_plants, minmay_crystal_water
D:5:      nemelex_xobeh_ov_fountains_minmay, glass_columns_b,
          nicolae_qazlal_style_of_elements
D:6:      serial_shops, kennysheep_little_box,
          hangedman_abyss_or_decor_lesser_grid, fedhas_altar_2
D:7:      lemuel_tele_altar, uniq_pikel
D:8:      lemuel_crystal_altar, elyvilon_altar_1, serial_shops, kennysheep_mini,
          basic_altar, grunt_gozag_breadcrumbs
D:9:      fiery_altar_vehumet
D:10:     minmay_lair_entry_grove, uniq_harold
D:11:     nicolae_trove_entry_path_of_doom
D:12:     david_orc_3, serial_shops, nicolae_shop_crystal, uniq_snorg
D:14:     erik_vaults_2, minivault_14, serial_shops, nicolae_shop_waterfront,
          nicolae_shop_competitors_out_of_business, nicolae_shop_statue_plus,
          shop, hangedman_pestilent_swarm, grunt_ministairs_14,
          bh_walls_and_bars, uniq_kirke
D:15:     grunt_enter_depths_hoard, hangedman_ru_absence
Temple:   nicolae_temple_x_marks_the_god
Lair:1:   grunt_megastairs_1
Lair:2:   swamp_mist, nicolae_spider_entry_non_spiders, nzn_random_ring
Lair:3:   special_room, lab_entry_generic
Lair:4:   pond_and_an_island_with_a_cottage
Lair:5:   slime_altar_2, uniq_josephine
Lair:6:   minmay_lair_end_enchanted_forest, serial_bayou_shore_a,
          lemuel_fruit_tree
Swamp:1:  evilmike_swamp_ruin_house_3
Swamp:2:  evilmike_swamp_ruin_house_2, swamp_pool2, nicolae_swamp_dense_foliage,
          infiniplex_staircase_pool_2
Swamp:3:  evilmike_swamp_ruin_house_5, swamp_pool5
Swamp:4:  swamp_old_school, infiniplex_staircase_pool, uniq_louise, uniq_nikola
Spider:3: uniq_asterion
Spider:4: guppyfry_spider_rune
Slime:2:  cheibrodos_slime_lost_civilization_8
Slime:3:  cheibrodos_slime_lost_civilization_7
Orc:1:    serial_shops, nicolae_shop_stone, uniq_erica
Orc:2:    st_orc_ogre_mass, serial_shops, shop, portal_ice_cave_entry_pillars_1
Vaults:1: nicolae_vaults_octagons, nicolae_vaults_little_squares_5,
          vaults_mumra_hex, hangedman_vaults_nodes, v_misc_18,
          vaults_mumra_minichess_inversion, nicolae_vaults_little_squares_1,
          v_misc_3, nicolae_vaults_network_s, ontoclasm_vaults_twist,
          grunt_vaults_focal, nicolae_vaults_circle_grid_a,
          vaults_dpeg_diagonal, nicolae_vaults_shelves_hall, serial_shops,
          nicolae_shop_trees
Vaults:2: grunt_vaults_diagonal, v_misc_24, st_octagons_1, grunt_vaults_twisty,
          vaults_standard_mumra_lines, v_misc_17, v_rooms_3, v_misc_18,
          nicolae_vaults_little_squares_3, nicolae_vaults_ninety_degrees,
          nicolae_vaults_angled_halls
Vaults:3: minmay_crypt_entry_necro_gods, v_misc_27, v_alt_pattern_2,
          ontoclasm_vaults_loading_screen, vaults_room_semicircle
Vaults:4: nicolae_vaults_back_hallway, vaults_dpeg_ring,
          nicolae_vaults_network_barrier, v_pattern_5, hangedman_vaults_hat,
          vaults_dpeg_cross, nicolae_vaults_alarming, grunt_vaults_trifunnel,
          nicolae_vaults_three_branches, special_room_vaults,
          ontoclasm_vaults_ligature, nicolae_vaults_ring_of_whatevers
Crypt:1:  mu_enter_wizlab_1, basic_loot_grate_trap, grunt_crypt_arrival_webbed
Crypt:2:  st_stairs_14, uniq_donald
Crypt:3:  church_of_pain_bobbens,
          nicolae_tomb_entry_unfolded_pyramid_orthogonal, minivault_26,
          glass_columns_a, fountainhead
Depths:1: hangedman_tar_grid_catacomb, grunt_pan_entry_in_and_out,
          minmay_the_grid_square_5x5_3x3_mashed
Depths:2: cheibrodos_salmonella, hell_entry, minmay_staircase_bubble
Depths:3: hangedman_pleasuredromes, pan_entry, hell_entry, uniq_saint_roka
Abyss:3:  evilmike_abyss_exit_15, due_exit_kobolds,
          hangedman_abyss_or_decor_jellyfish_corner
Pan:      nicolae_pan_diamonds, nicolae_pan_hourglass,
          nicolae_pan_cerebovesque_2, evilmike_mini_pan_pillars_b,
          nicolae_pan_giant_door, pan_blood_fountain_small, grunt_pan_spiral,
          pan_blood_fountain_small, nicolae_pan_sigil_nadil
Lab:      labyrinth_mini_lab, nicolae_lab_checkerboard, nicolae_lab_plus,
          nicolae_lab_big_swirl, nicolae_lab_garden, nicolae_lab_very_dead_end,
          nicolae_lab_hexagon, nicolae_lab_grate, labyrinth_skeletal_remains
Trove:    trove_garden
IceCv:    ice_cave_small_giant
WizLab:   wizlab_iskenderun

Skill      XL: |  1  2  3  4  5  6  7  8  9 10 11 12 13 14 15 16 17 18 19 20 21 22 23 24 25 |
---------------+----------------------------------------------------------------------------+-----
Unarmed Combat | 3 4 |  4.6
Fighting       | 4 5 7 8 10 12 14 16 18 | 18.2
Dodging        | 2 5 8 12 14 | 14.3
Polearms       | 1 4 6 9 11 13 14 15 17 18 19 20 | 20.0
Translocations | 4 6 11 | 11.9
Invocations    | 3 5 8 |  8.0
Armour         | 4 8 |  8.9
Spellcasting   | 2 5 7 8 10 12 | 12.8
Conjurations   | 4 |  4.2
Air Magic      | 3 4 5 |  5.6
Poison Magic   | 1 |  1.8
Evocations     | 3 4 6 |  6.8
Summonings     | 3 5 7 8 12 13 14 | 14.2
Necromancy     | 4 |  4.2
Stealth        | 9 |  9.9
Charms         | 5 8 |  8.2
Throwing       | |  0.8

Action                   |  1- 3 |  4- 6 |  7- 9 | 10-12 | 13-15 | 16-18 | 19-21 | 22-24 | 25-27 || total
-------------------------+-------+-------+-------+-------+-------+-------+-------+-------+-------++-------
Melee: Unarmed           |   107 |    48 |    54 |       |     2 |       |       |       |       ||   211
       Punch             |     2 |       |     2 |       |     7 |     2 |       |       |       ||    13
       Halberd           |       |    34 |   343 |   769 |   323 |       |       |       |       ||  1469
       Spear             |       |       |    10 |    13 |   135 |    24 |       |       |       ||   182
       Glaive            |       |       |       |       |   686 |  1542 |   819 |  1448 |   212 ||  4707
Throw: Tomahawk          |       |       |       |     2 |       |       |       |       |       ||     2
       Throwing net      |       |       |       |     1 |     7 |     1 |       |       |       ||     9
       Javelin           |       |       |       |       |     2 |       |     1 |     1 |       ||     4
 Cast: Shroud of Golubri |     2 |     5 |    13 |    30 |    56 |    35 |    36 |    34 |     7 ||   218
       Blink             |       |     6 |     7 |    56 |    51 |    51 |    26 |    20 |     5 ||   222
       Passage of Golubr |       |       |       |     1 |    28 |    32 |     8 |    38 |     6 ||   113
       Mephitic Cloud    |       |       |       |     1 |     1 |     4 |       |       |       ||     6
       Apportation       |       |       |       |       |    26 |    57 |    10 |    67 |     2 ||   162
       Animate Skeleton  |       |       |       |       |    15 |    57 |    70 |    50 |     7 ||   199
       Conjure Flame     |       |       |       |       |     1 |       |       |       |       ||     1
       Summon Lightning  |       |       |       |       |     8 |    34 |     9 |     5 |     3 ||    59
       Lesser Beckoning  |       |       |       |       |       |    19 |     4 |    16 |     1 ||    40
       Control Undead    |       |       |       |       |       |       |       |    26 |       ||    26
       Shadow Creatures  |       |       |       |       |       |       |       |     5 |       ||     5
       Deflect Missiles  |       |       |       |       |       |       |       |     5 |     1 ||     6
       Malign Gateway    |       |       |       |       |       |       |       |     2 |     3 ||     5
       Spectral Weapon   |       |       |       |       |       |       |       |       |     3 ||     3
Invok: Slouch            |       |       |       |     3 |    12 |    18 |     6 |    15 |     4 ||    58
       Bend Time         |       |       |       |       |       |     1 |       |       |       ||     1
       Temporal Distorti |       |       |       |       |       |     1 |       |       |       ||     1
 Abil: Evoke Invisibilit |       |       |       |       |     2 |     5 |       |       |       ||     7
Evoke: Wand              |       |     6 |       |    21 |     6 |    11 |       |       |     1 ||    45
       Sack of spiders   |       |       |       |     1 |     4 |       |       |       |       ||     5
       Lamp of fire      |       |       |       |       |       |       |     1 |     2 |     1 ||     4
       Lightning rod     |       |       |       |       |       |       |       |     6 |       ||     6
       Fan of gales      |       |       |       |       |       |       |       |     1 |     1 ||     2
  Use: Scroll            |     6 |       |     6 |    10 |    10 |    19 |    10 |    21 |     2 ||    84
       Potion            |       |       |       |    10 |     9 |    11 |     3 |     8 |       ||    41
 Stab: Held in net/web   |       |       |       |     2 |     4 |       |       |       |       ||     6
       Confused          |       |       |       |     2 |     2 |       |       |       |       ||     4
       Invisible         |       |       |       |       |     8 |     4 |       |       |       ||    12
       Distracted        |       |       |       |       |     8 |    25 |    25 |    32 |     5 ||    95
       Sleeping          |       |       |       |       |     2 |     3 |     6 |    15 |       ||    26
       Betrayed ally     |       |       |       |       |       |       |       |     6 |       ||     6
  Eat: Chunk             |    16 |    14 |    21 |    83 |   146 |   113 |    89 |    59 |    10 ||   551
       Meat ration       |       |       |       |       |       |       |       |     1 |       ||     1
Armor: Leather armour    |    30 |     7 |       |       |       |       |       |       |       ||    37
       Ring mail         |       |     4 |   164 |   187 |   374 |   646 |   207 |   280 |    68 ||  1930
Dodge: Dodged            |    68 |    39 |   242 |   402 |   788 |  1451 |   480 |  1092 |   243 ||  4805
       Deflected         |       |       |       |       |       |       |       |    37 |     9 ||    46

Table legend:
 A = Spawn XP
 B = Non-spawn XP
 C = Spawn XP percentage of total XP
 D = Spawn monster count
 E = Non-spawn monster count
 F = Spawn count percentage of total count
 G = Total turns spent on level
                    A         B        C        D         E        F      G
               +---------+---------+-------+---------+---------+-------+---------
         Total |    8497 |  966410 |   0.9 |      19 |    1833 |   1.0 | 33374
               +---------+---------+-------+---------+---------+-------+---------
           D:1 |       0 |      15 |   0.0 |       0 |      11 |   0.0 |   230
           D:2 |       0 |       1 |   0.0 |       0 |       1 |   0.0 |    19
           D:3 |       0 |      73 |   0.0 |       0 |      18 |   0.0 |   915
           D:4 |       0 |     247 |   0.0 |       0 |      11 |   0.0 |   500
           D:5 |       0 |     116 |   0.0 |       0 |       8 |   0.0 |   657
           D:6 |       0 |    1117 |   0.0 |       0 |      24 |   0.0 |   838
           D:7 |       0 |    1469 |   0.0 |       0 |      19 |   0.0 |   578
           D:8 |       0 |     406 |   0.0 |       0 |      11 |   0.0 |   485
           D:9 |       0 |    2064 |   0.0 |       0 |      17 |   0.0 |   392
          D:10 |       0 |    3270 |   0.0 |       0 |      27 |   0.0 |   697
          D:11 |       0 |    2165 |   0.0 |       0 |      21 |   0.0 |   748
          D:12 |       0 |   12062 |   0.0 |       0 |      59 |   0.0 |  1099
          D:13 |       0 |    5795 |   0.0 |       0 |      31 |   0.0 |   943
          D:14 |       0 |   19293 |   0.0 |       0 |      49 |   0.0 |   752
          D:15 |       0 |    7597 |   0.0 |       0 |      20 |   0.0 |   450
        Lair:1 |       0 |    2042 |   0.0 |       0 |       7 |   0.0 |   348
        Lair:2 |       0 |    5499 |   0.0 |       0 |      24 |   0.0 |   771
        Lair:3 |       0 |    2736 |   0.0 |       0 |       6 |   0.0 |   235
        Lair:4 |       0 |    3692 |   0.0 |       0 |      19 |   0.0 |   450
        Lair:5 |       0 |    4258 |   0.0 |       0 |      19 |   0.0 |   279
        Lair:6 |       0 |   21365 |   0.0 |       0 |      89 |   0.0 |   791
       Swamp:1 |       0 |    5341 |   0.0 |       0 |      17 |   0.0 |  3316
       Swamp:2 |       0 |    1067 |   0.0 |       0 |       2 |   0.0 |    26
       Swamp:3 |       0 |   20922 |   0.0 |       0 |      45 |   0.0 |  1273
       Swamp:4 |       0 |   24772 |   0.0 |       0 |      39 |   0.0 |   897
      Spider:1 |       0 |    8142 |   0.0 |       0 |      27 |   0.0 |   535
      Spider:2 |       0 |    7827 |   0.0 |       0 |      27 |   0.0 |   244
      Spider:3 |       0 |   29028 |   0.0 |       0 |      70 |   0.0 |  1385
      Spider:4 |       0 |   35434 |   0.0 |       0 |      79 |   0.0 |   934
       Slime:2 |       0 |   15830 |   0.0 |       0 |      29 |   0.0 |   202
       Slime:3 |       0 |   11064 |   0.0 |       0 |      18 |   0.0 |    82
       Slime:4 |       0 |    7237 |   0.0 |       0 |      14 |   0.0 |   124
       Slime:5 |       0 |   34406 |   0.0 |       0 |      32 |   0.0 |   487
         Orc:1 |       0 |   11733 |   0.0 |       0 |      42 |   0.0 |   804
         Orc:2 |       0 |   14356 |   0.0 |       0 |      49 |   0.0 |   591
      Vaults:1 |       0 |    9497 |   0.0 |       0 |      12 |   0.0 |   244
      Vaults:2 |       0 |   42307 |   0.0 |       0 |      66 |   0.0 |   973
      Vaults:3 |       0 |   54387 |   0.0 |       0 |      93 |   0.0 |  1351
      Vaults:4 |       0 |  100407 |   0.0 |       0 |     129 |   0.0 |  1248
      Vaults:5 |       0 |  104003 |   0.0 |       0 |     102 |   0.0 |  1303
       Crypt:1 |       0 |   19683 |   0.0 |       0 |      41 |   0.0 |   475
       Crypt:2 |       0 |   14091 |   0.0 |       0 |      15 |   0.0 |   178
       Crypt:3 |       0 |   63803 |   0.0 |       0 |     120 |   0.0 |  1162
      Depths:1 |       0 |    6262 |   0.0 |       0 |       8 |   0.0 |    50
      Depths:2 |       0 |     371 |   0.0 |       0 |       1 |   0.0 |    80
      Depths:3 |       0 |  124364 |   0.0 |       0 |     110 |   0.0 |   773
       Abyss:3 |    6535 |   11681 |  35.9 |      14 |      17 |  45.2 |   560
           Pan |    1962 |   57092 |   3.3 |       5 |      68 |   6.8 |   454
           Lab |       0 |    1278 |   0.0 |       0 |       5 |   0.0 |   314
         IceCv |       0 |    9734 |   0.0 |       0 |      36 |   0.0 |   502
        WizLab |       0 |   25009 |   0.0 |       0 |      29 |   0.0 |   507
               +---------+---------+-------+---------+---------+-------+---------
